AoeStats
← Guitencule

Oasis

508686228Analyzed
3v3 RM · 10d ago on Sep 23, 2026· 66m 11s· 6 players
Game mode
Random Map
Map size
Normal (6 player)
Population
200
Speed
Normal
Resources
Standard
Victory
Conquest
Starting age
Dark Age
Ending age
Imperial Age
RankedLock teamsTeams togetherTeam positionsShared explorationLock speedFull tech treeHidden civsTurbo modeCheats
Victory
Defeat
🇩🇪 Spanish · Germany
813
+15
🇩🇪 Bohemians · Germany
803
+16
🇩🇪 Poles · Germany
740
+18
🇫🇷 Japanese · France
831
-18
🇫🇷 Burgundians · France
809
-17
🇫🇷 Byzantines · France
735
-14
Dson-Athar
10:43 Feudal Age
9:03 Loom
10:49 Feudal Age
15:57 Castle Age
14:13 Double-Bit Axe
25:15 Chemistry
30:36 Padded Archer Armor
30:26 Horse Collar
36:00 Wheelbarrow
40:19 Imperial Age
38:26 Hand Cart
38:24 Bow Saw
40:43 Fervor
40:15 Pikeman
40:26 Houfnice
40:59 Town Watch
41:23 Heavy Plow
44:28 Town Patrol
46:59 Leather Archer Armor
46:47 Scale Mail Armor
46:58 Forging
48:53 Two-Man Saw
47:58 Halberdier
48:57 Squires
48:46 Arson
49:21 Murder Holes
50:05 Fortified Wall
53:38 Caravan
60:43 Scale Barding Armor
61:12 Ring Archer Armor
60:57 Chain Mail Armor
61:18 Iron Casting
made3
8:04 Loom
11:07 Feudal Age
12:43 Wheelbarrow
12:15 Double-Bit Axe
18:43 Horse Collar
20:45 Bloodlines
20:49 Forging
22:58 Castle Age
24:21 Hand Cart
24:22 Forging
24:18 Scale Barding Armor
26:32 Chain Barding Armor
26:48 Iron Casting
30:07 Husbandry
36:12 Imperial Age
38:00 Elite Conquistador
39:04 Conscription
39:47 Blast Furnace
39:34 Bow Saw
39:23 Cavalier
41:36 Two-Man Saw
42:52 Plate Barding Armor
42:56 Paladin
49:25 Caravan
56:40 Chemistry
56:02 Ballistics
57:07 Gold Mining
57:21 Heavy Plow
58:41 Padded Archer Armor
58:34 Fletching
OOFEmK00
10:49 Loom
13:46 Feudal Age
14:14 Horse Collar
15:53 Double-Bit Axe
19:38 Wheelbarrow
19:01 Arson
21:33 Bloodlines
22:15 Gold Mining
23:59 Town Watch
24:27 Scale Mail Armor
24:37 Forging
26:05 Stone Mining
26:53 Scale Barding Armor
26:39 Fletching
32:40 Castle Age
32:43 Pikeman
33:24 Squires
33:36 Husbandry
33:54 Heavy Plow
35:31 Iron Casting
35:57 Bow Saw
36:59 Hand Cart
36:48 Town Patrol
40:05 Stone Shaft Mining
41:15 Murder Holes
41:48 Ballistics
41:44 Masonry
50:57 Imperial Age
52:26 Cavalier
53:42 Caravan
56:00 Szlachta Privileges
55:22 Elite Obuch
57:00 Hoardings
58:43 Conscription
58:55 Chain Mail Armor
58:58 Devotion
Alexaumax
11:13 Loom
13:15 Feudal Age
15:09 Double-Bit Axe
16:50 Horse Collar
21:12 Castle Age
20:51 Gold Mining
21:14 Bow Saw
21:51 Wheelbarrow
22:45 Heavy Plow
23:45 Pikeman
28:49 Stone Mining
33:27 Cavalier
39:20 Imperial Age
38:52 Elite Skirmisher
39:42 Scale Barding Armor
39:48 Forging
39:39 Scale Mail Armor
39:42 Padded Archer Armor
41:14 Chemistry
48:46 Hand Cart
Guitencule
0:27 Loom
12:34 Feudal Age
13:50 Man-at-Arms
14:17 Arson
15:17 Wheelbarrow
19:08 Horse Collar
19:51 Town Watch
24:34 Castle Age
22:30 Gold Mining
22:31 Double-Bit Axe
26:58 Hand Cart
27:33 Bow Saw
28:01 Gold Shaft Mining
27:29 Heavy Plow
28:00 Caravan
33:22 Imperial Age
30:47 Elite Skirmisher
32:14 Thumb Ring
34:22 Ballistics
33:55 Fletching
34:06 Padded Archer Armor
36:15 Conscription
38:28 Bodkin Arrow
38:13 Pikeman
38:39 Gambesons
40:34 Leather Archer Armor
40:49 Cavalier
45:16 Bloodlines
45:07 Husbandry
45:15 Squires
45:55 Forging
46:16 Kataparuto
47:32 Bracer
48:12 Scale Barding Armor
49:07 Onager
50:43 Chain Barding Armor
52:43 Halberdier
57:42 Light Cavalry
60:01 Ring Archer Armor
65:37 Coinage
ELFIAKO
3:03 Loom
10:16 Feudal Age
10:52 Horse Collar
11:01 Double-Bit Axe
20:39 Castle Age
19:49 Forging
19:46 Scale Barding Armor
21:11 Stone Mining
21:16 Gold Mining
25:26 Bow Saw
25:22 Heavy Plow
30:57 Imperial Age
33:40 Iron Casting
32:58 Fletching
33:59 Wheelbarrow
34:03 Elite Skirmisher
39:34 Chemistry
39:02 Conscription
38:22 Pikeman
39:38 Fortified Wall
40:47 Treadmill Crane
42:48 Ballistics
43:11 Husbandry
42:34 Elite Cataphract
43:57 Hoardings
43:27 Scale Mail Armor
46:18 Halberdier
49:06 Chain Mail Armor
50:24 Hand Cart
55:10 Chain Barding Armor
56:30 Two-Man Saw
62:16 Coinage
63:51 Squires
Connection lost

Rejoining the realm…

Still unreachable

The connection could not be restored.

Session expired

The server has moved on; the page needs a fresh start.